General information
- name: BNet
- type: Ladder team game (AT/RT)
- host: Battle.net
- saver: Teelo
map: MarketSquare
- players: 8
- length: 20:40
- speed: Fast
- version: 1.26 W3XP
- replay type: Public
» download(125 KB)
Players
team 1 (winner)

»
Teelo (
blue | 70 APM | 1451 actions | 20:40)
6 Archmage
2 Summon Water Elemental
3 Brilliance Aura
1 Mass Teleport
» actions
| Assign group hotkey | 238 | |
| Basic commands | 145 | |
| Build / train | 79 | |
| Enter build submenu | 27 | |
| Enter hero's abilities submenu | 7 | |
| Right click | 362 | |
| Select / deselect | 185 | |
| Select group hotkey | 319 | |
| Use ability | 89 | |
1451 total
» units
| Peasant | 15 | |
| Footman | 5 | |
| Rifleman | 3 | |
| Siege Engine | 11 | |
34 total
» upgrades
| Gunpowder | 3 | |
| Plating | 2 | |
| Lumber Harvesting | 2 | |
| Barrage | 1 | |
| Masonry | 1 | |
| Magic Sentry | 1 | |
10 total
» buildings
| Altar of Kings | 1 | |
| Farm | 9 | |
| Barracks | 1 | |
| Scout Tower | 4 | |
| Lumber Mill | 1 | |
| Arcane Tower | 3 | |
| Arcane Vault | 1 | |
| Blacksmith | 1 | |
| Keep | 1 | |
| Castle | 1 | |
| Workshop | 3 | |
| Guard Tower | 4 | |
| Town Hall | 1 | |
| Arcane Sanctum | 1 | |
32 total
» build order
00:25 Altar of Kings
00:37 Farm
00:51 Barracks
01:11 Scout Tower
01:43 Farm
01:54 Lumber Mill
02:05 Arcane Tower
02:18 Arcane Vault
02:55 Blacksmith
02:58 Farm
03:23 Farm
04:00 Keep
06:47 Castle
06:51 Workshop
06:52 Workshop
08:13 Guard Tower
08:15 Arcane Tower
09:19 Guard Tower
09:21 Guard Tower
10:40 Scout Tower
10:42 Scout Tower
10:54 Scout Tower
11:20 Guard Tower
11:41 Town Hall
11:52 Farm
11:55 Farm
12:20 Arcane Tower
12:35 Farm
12:37 Farm
13:25 Arcane Sanctum
14:51 Farm
18:24 Workshop
» items
| Scroll of Regeneration | 4 | |
| Lesser Clarity Potion | 3 | |
| Ivory Tower | 6 | |
| Potion of Healing | 2 | |
| Scroll of Town Portal | 2 | |
| Orb of Fire | 1 | |
| Staff of Sanctuary | 1 | |
19 total

»
Your_Master (
teal | 39 APM | 799 actions | 20:39)
5 Demon Hunter
3 Evasion
2 Mana Burn
3 Keeper of the Grove
1 Entangling Roots
2 Thorns Aura
1 Priestess of the Moon
1 Trueshot Aura
» actions
| Basic commands | 18 | |
| Build / train | 61 | |
| Enter build submenu | 31 | |
| Enter hero's abilities submenu | 9 | |
| Give item / drop item | 2 | |
| Right click | 425 | |
| Select / deselect | 207 | |
| Use ability | 46 | |
799 total
» units
| Wisp | 27 | |
| Huntress | 3 | |
| Chimaera | 7 | |
| Hippogryph | 1 | |
38 total
» upgrades
| Strength of the Wild | 3 | |
| Reinforced Hides | 2 | |
| Corrosive Breath | 1 | |
6 total
» buildings
| Hunter's Hall | 1 | |
| Moon Well | 8 | |
| Altar of Elders | 2 | |
| Ancient of War | 1 | |
| Ancient Protector | 9 | |
| Tree of Ages | 1 | |
| Ancient of Wonders | 1 | |
| Tree of Eternity | 1 | |
| Ancient of Wind | 1 | |
| Chimaera Roost | 2 | |
| Tree of Life | 1 | |
28 total
» build order
00:19 Hunter's Hall
00:30 Moon Well
01:25 Altar of Elders
01:54 Ancient of War
02:12 Moon Well
02:44 Ancient Protector
02:48 Ancient Protector
03:00 Ancient Protector
03:24 Moon Well
04:23 Moon Well
04:53 Tree of Ages
05:58 Ancient Protector
07:33 Altar of Elders
07:37 Ancient Protector
07:40 Ancient Protector
07:53 Moon Well
08:00 Ancient of Wonders
08:44 Ancient Protector
09:13 Tree of Eternity
09:22 Ancient of Wind
10:04 Ancient Protector
10:12 Ancient Protector
10:24 Moon Well
11:12 Moon Well
11:42 Chimaera Roost
11:44 Chimaera Roost
12:32 Moon Well
13:55 Tree of Life
» items
| Orb of Venom | 1 | |
| Potion of Lesser Invulnerability | 1 | |
| Boots of Speed | 1 | |
3 total

»
YourDeadbeatDad (
green | 54 APM | 1112 actions | 20:39)
6 Death Knight
3 Death Coil
2 Unholy Aura
1 Animate Dead
5 Lich
3 Frost Nova
2 Frost Armor
» actions
| Assign group hotkey | 26 | |
| Build / train | 53 | |
| ESC pressed | 1 | |
| Enter build submenu | 14 | |
| Enter hero's abilities submenu | 11 | |
| Right click | 345 | |
| Select / deselect | 170 | |
| Select group hotkey | 443 | |
| Use ability | 49 | |
1112 total
» units
| Acolyte | 3 | |
| Ghoul | 3 | |
| Crypt Fiend | 15 | |
| Obsidian Statue | 5 | |
26 total
» upgrades
| Creature Attack | 3 | |
| Creature Carapace | 2 | |
| Web | 1 | |
| Burrow | 1 | |
7 total
» buildings
| Crypt | 2 | |
| Ziggurat | 6 | |
| Altar of Darkness | 1 | |
| Graveyard | 1 | |
| Nerubian Tower | 1 | |
| Tomb of Relics | 1 | |
| Halls of the Dead | 1 | |
| Slaughterhouse | 1 | |
| Spirit Tower | 1 | |
| Black Citadel | 1 | |
16 total
» build order
00:15 Crypt
00:20 Ziggurat
00:36 Altar of Darkness
01:01 Graveyard
01:33 Nerubian Tower
01:49 Ziggurat
02:15 Tomb of Relics
04:16 Halls of the Dead
05:03 Ziggurat
07:48 Crypt
08:01 Slaughterhouse
08:10 Ziggurat
08:15 Spirit Tower
12:13 Black Citadel
12:21 Ziggurat
13:34 Ziggurat
» items
| Rod of Necromancy | 2 | |
| Scroll of Town Portal | 1 | |
3 total
904soldier (
orange | 51 APM | 1051 actions | 20:39)
8 Death Knight
1 Death Coil
3 Unholy Aura
3 Death Pact
1 Animate Dead
» actions
| Assign group hotkey | 15 | |
| Basic commands | 9 | |
| Build / train | 60 | |
| Enter build submenu | 21 | |
| Enter hero's abilities submenu | 8 | |
| Give item / drop item | 3 | |
| Right click | 499 | |
| Select / deselect | 125 | |
| Select group hotkey | 281 | |
| Use ability | 30 | |
1051 total
» units
| Acolyte | 7 | |
| Ghoul | 8 | |
| Gargoyle | 17 | |
| Frost Wyrm | 7 | |
39 total
» upgrades
| Creature Attack | 3 | |
| Creature Carapace | 3 | |
| Freezing Breath | 1 | |
7 total
» buildings
| Crypt | 2 | |
| Ziggurat | 9 | |
| Altar of Darkness | 1 | |
| Graveyard | 2 | |
| Tomb of Relics | 1 | |
| Halls of the Dead | 1 | |
| Black Citadel | 1 | |
| Sacrificial Pit | 1 | |
| Boneyard | 3 | |
21 total
» build order
00:30 Crypt
00:35 Ziggurat
00:55 Altar of Darkness
01:14 Ziggurat
01:47 Graveyard
02:26 Ziggurat
02:55 Tomb of Relics
03:17 Ziggurat
05:14 Halls of the Dead
06:25 Crypt
06:35 Graveyard
08:06 Black Citadel
09:29 Ziggurat
09:35 Ziggurat
09:39 Ziggurat
09:41 Ziggurat
09:44 Ziggurat
10:42 Sacrificial Pit
11:45 Boneyard
11:53 Boneyard
11:55 Boneyard
» items
| Potion of Lesser Invulnerability | 1 | |
| Scroll of Protection | 1 | |
| Scroll of Healing | 1 | |
3 total
team 2 (loser)

»
Gwn (
red | 45 APM | 818 actions | 18:02)
4 Firelord
2 Summon Lava Spawn
2 Incinerate
1 Keeper of the Grove
1 Thorns Aura
» actions
| Assign group hotkey | 15 | |
| Basic commands | 52 | |
| Build / train | 75 | |
| Enter build submenu | 18 | |
| Enter hero's abilities submenu | 5 | |
| Right click | 337 | |
| Select / deselect | 203 | |
| Select group hotkey | 60 | |
| Use ability | 53 | |
818 total
» units
| Wisp | 28 | |
| Huntress | 15 | |
| Dryad | 3 | |
| Hippogryph | 5 | |
51 total
» upgrades
| Ultravision | 1 | |
| Strength of the Wild | 2 | |
| Sentinel | 1 | |
| Abolish Magic | 1 | |
| Druid of the Talon Training | 1 | |
6 total
» buildings
| Altar of Elders | 1 | |
| Moon Well | 6 | |
| Hunter's Hall | 1 | |
| Ancient of War | 2 | |
| Ancient of Wonders | 1 | |
| Tree of Ages | 1 | |
| Tree of Life | 2 | |
| Ancient of Lore | 2 | |
| Ancient of Wind | 3 | |
| Tree of Eternity | 4 | |
23 total
» build order
00:23 Altar of Elders
00:31 Moon Well
01:16 Hunter's Hall
01:53 Ancient of War
02:04 Ancient of Wonders
02:21 Moon Well
02:42 Moon Well
03:11 Ancient of War
03:45 Moon Well
08:15 Tree of Ages
10:00 Tree of Life
13:25 Ancient of Lore
13:29 Ancient of Lore
13:35 Ancient of Wind
13:39 Ancient of Wind
15:08 Tree of Eternity
15:08 Tree of Eternity
15:09 Tree of Eternity
15:09 Tree of Eternity
15:43 Ancient of Wind
16:55 Moon Well
17:00 Moon Well
17:32 Tree of Life
» items

»
You_Do_it (
purple | 40 APM | 734 actions | 18:22)
5 Warden
3 Shadow Strike
2 Blink
» actions
| Build / train | 70 | |
| Enter build submenu | 15 | |
| Enter hero's abilities submenu | 5 | |
| Remove unit from queue | 2 | |
| Right click | 341 | |
| Select / deselect | 271 | |
| Use ability | 30 | |
734 total
» units
| Wisp | 20 | |
| Huntress | 17 | |
| Dryad | 2 | |
| Mountain Giant | 2 | |
41 total
» upgrades
| Strength of the Moon | 1 | |
| Moon Armor | 1 | |
| Strength of the Wild | 2 | |
| Reinforced Hides | 2 | |
| Abolish Magic | 1 | |
| Hardened Skin | 1 | |
| Resistant Skin | 1 | |
9 total
» buildings
| Moon Well | 7 | |
| Altar of Elders | 1 | |
| Hunter's Hall | 1 | |
| Ancient of War | 2 | |
| Tree of Ages | 3 | |
| Ancient of Wonders | 1 | |
| Tree of Eternity | 1 | |
| Ancient of Lore | 3 | |
| Tree of Life | 1 | |
20 total
» build order
00:11 Moon Well
00:22 Altar of Elders
01:01 Hunter's Hall
01:27 Ancient of War
01:55 Moon Well
02:27 Ancient of War
03:17 Moon Well
08:01 Moon Well
09:57 Tree of Ages
09:57 Tree of Ages
10:39 Ancient of Wonders
12:26 Tree of Eternity
12:31 Ancient of Lore
12:34 Ancient of Lore
12:43 Ancient of Lore
13:59 Tree of Life
15:52 Moon Well
15:55 Moon Well
15:55 Moon Well
I)ark_Jester (
yellow | 56 APM | 1133 actions | 20:20)
4 Priestess of the Moon
2 Trueshot Aura
2 Searing Arrows
» actions
| Build / train | 63 | |
| Enter build submenu | 13 | |
| Enter hero's abilities submenu | 4 | |
| Remove unit from queue | 4 | |
| Right click | 687 | |
| Select / deselect | 330 | |
| Use ability | 32 | |
1133 total
» units
| Wisp | 12 | |
| Archer | 25 | |
| Hippogryph | 10 | |
| Chimaera | 2 | |
49 total
» upgrades
| Hippogryph Taming | 1 | |
| Strength of the Wild | 2 | |
| Reinforced Hides | 1 | |
4 total
» buildings
| Altar of Elders | 1 | |
| Moon Well | 6 | |
| Ancient of War | 1 | |
| Tree of Ages | 1 | |
| Hunter's Hall | 1 | |
| Ancient of Wind | 2 | |
| Tree of Life | 1 | |
| Tree of Eternity | 1 | |
| Chimaera Roost | 2 | |
16 total
» build order
00:23 Altar of Elders
00:38 Moon Well
00:56 Ancient of War
01:55 Moon Well
02:11 Moon Well
03:33 Moon Well
05:05 Tree of Ages
05:07 Moon Well
07:01 Moon Well
07:05 Hunter's Hall
08:06 Ancient of Wind
08:08 Ancient of Wind
12:36 Tree of Life
14:55 Tree of Eternity
18:11 Chimaera Roost
18:12 Chimaera Roost
Austin-Powers (
pink | 22 APM | 458 actions | 20:39)
3 Demon Hunter
1 Mana Burn
2 Evasion
» actions
| Assign group hotkey | 10 | |
| Build / train | 39 | |
| Enter build submenu | 9 | |
| Enter hero's abilities submenu | 2 | |
| Right click | 245 | |
| Select / deselect | 134 | |
| Use ability | 19 | |
458 total
» units
» upgrades
| Abolish Magic | 1 | |
| Reinforced Hides | 1 | |
| Strength of the Wild | 1 | |
3 total
» buildings
| Altar of Elders | 1 | |
| Moon Well | 3 | |
| Ancient of War | 1 | |
| Tree of Ages | 1 | |
| Hunter's Hall | 1 | |
| Ancient of Wonders | 1 | |
| Ancient of Lore | 1 | |
9 total
» build order
00:07 Altar of Elders
00:16 Moon Well
01:00 Ancient of War
01:44 Moon Well
04:34 Tree of Ages
04:36 Hunter's Hall
04:39 Ancient of Wonders
08:16 Ancient of Lore
16:30 Moon Well
» items
| Potion of Healing | 2 | |
| Moonstone | 1 | |
| Scroll of Town Portal | 1 | |
4 total
Chat log
(02:06 / Allies) Teelo: so
(02:07 / Allies) Teelo: units
(02:15 / Allies) 904soldier: ghouls
(02:24 / Allies) YourDeadbeatDad: feind/stat/wyrm
(04:26 / Allies) YourDeadbeatDad: wow
(04:28 / Allies) YourDeadbeatDad: 4 NE
(04:35 / Allies) Your_Master: hips and chims
(04:46 / Allies) Teelo: sweet going tanks the
(04:48 / Allies) Teelo: n
(04:49 / Allies) Teelo: lolelves
(05:39 / Allies) 904soldier: nice units teal
(08:15 / Allies) Your_Master: thanks guys
(08:17 / Allies) Teelo: np
(08:21 / Allies) YourDeadbeatDad: np
(08:24 / Allies) 904soldier: wood now teal
(08:37 / Allies) 904soldier: or i wont be able to help u again
(08:40 / Allies) 904soldier: wood now
(09:06 / Allies) 904soldier: 3 words to the wack, then u step back
(09:50 / Allies) Teelo: lawl
(09:55 / Allies) Teelo: owned by 3 towrs
(10:11 / Allies) 904soldier: they werent owned
(10:16 / Allies) Teelo: he lost 2 hipps
(10:18 / Allies) 904soldier: they are going somewhere else
(10:20 / Allies) Teelo: wtfnewb
(10:54 / Allies) 904soldier: see
(11:40 / Allies) 904soldier: aall
(12:13 / Allies) 904soldier: slow
(13:47 / Allies) 904soldier: stick together now
(13:47 / Allies) Your_Master: check expos
(13:54 / Allies) 904soldier: idiot blue
(14:08 / Allies) Teelo: oh?
(14:11 / Allies) Teelo: didnt lose a single unit
(14:14 / Allies) Teelo: killed 3
(14:16 / Allies) 904soldier: u didnt?
(14:17 / Allies) 904soldier: lol
(14:54 / Allies) 904soldier: did u lose tp?
(14:58 / Allies) 904soldier: what aboot time
(15:01 / Allies) 904soldier: what about gold
(15:40 / All) Austin-Powers: 904
(16:02 / Allies) Teelo: almost ready to tank rape someone
(16:11 / Allies) 904soldier: no need blue
(16:21 / Allies) Teelo: lol yeah
(16:23 / Allies) Teelo: zero expos for them
(16:23 / Allies) 904soldier: useless
(17:09 / Allies) Teelo: cant believe he kept making hippos
(17:13 / Allies) Teelo: against rifles gargs and fiends
(17:14 / Allies) Teelo: lol
(17:30 / All) 904soldier: pink get a real name
(18:00 / All) 904soldier: gg nooobs
(18:04 / All) 904soldier: 3 vs 4
(18:15 / All) Austin-Powers: 904
(18:19 / All) Austin-Powers: you blow man
(18:35 / All) 904soldier: p.owned u twicew pink
(19:02 / All) 904soldier: i hate tank noobs
(19:06 / All) 904soldier: useless
(19:10 / All) Teelo: :(
(19:19 / All) Teelo: against 4 nelves wtf else should I get?
(19:19 / All) Teelo: lol
(19:23 / All) 904soldier: they either cost u the game
(19:28 / All) Austin-Powers: hey 904 dont be such a chode
(19:32 / All) 904soldier: or just waste time
(19:39 / All) Austin-Powers: undead is easy race
(19:42 / All) YourDeadbeatDad: tanks are great AA
(19:44 / All) Austin-Powers: on roc i have dreadlord icon
(19:45 / All) 904soldier: lol
(19:59 / All) 904soldier: great aa lol
(20:01 / All) Austin-Powers: ^^
(20:11 / All) 904soldier: gargs are great aa
(20:16 / All) 904soldier: hippos are great aa
(20:36 / All) 904soldier: fiends are great aa